Unix NetHack Version 5.0.0-0 post-release - last build Jun 10 2026 00:39:30 (3ee93aec679c4c4259841fe613dc97188e26a321,branch:main).

Game began 2026-07-01 14:53:32, ended 2026-07-01 19:50:51.

DrabEmordnilap, chaotic female human Rogue

                                ###r@e
                                #-------------
             ------             #|C.........C|
             |....-#############%......C.....|
             |....|             #|...-----...|
             |..<..##############|...|.{.|...|
             ------              |..C|{.{|C..|
                                 |...|.{.|...|
                                 |...--.--...|
                                 |.....C.....|
                                 |C.........C|
                                 -------------

DrabEmordnilap the Rogue  St:25 Dx:18 Co:16 In:10 Wi:8 Ch:9  Chaotic
Dlvl:6  $:0  HP:0(45) Pw:25(25) AC:2  Xp:6 T:3346 

Latest messages:
 Welcome to experience level 6.
 You see here a statue of a plains centaur.
 The jackal bites!
 You miss the jackal.
 You kill the jackal!
 "Hello, DrabEmordnilap, welcome to Delphi!"
 There is a doorway here.
 You see here a jackal corpse.
 There is a jackal corpse here; eat it? [ynq] (n) y
 This jackal corpse is fatty.
 You finish eating the jackal corpse.
 You see here a statue of a plains centaur.
 You see here a statue of a plains centaur.
 You hear some noises in the distance.
 You swap places with your pony.
 You hit the floating eye!
 You are frozen by the floating eye's gaze!
 The kitten bites!
 The kitten bites!
 The kitten bites!
 The kitten bites!
 The kitten bites!
 The kitten bites!
 The kitten bites!
 The kitten misses!
 It hits the kitten.
 It bites the kitten.
 The kitten misses it.
 The kitten bites!
 It misses the kitten.
 It bites the kitten.
 The kitten bites it.
 The kitten bites!
 The kitten bites!
 It hits the kitten.
 The kitten is killed!
 The orcish dagger hits the floating eye.
 You hear some noises.
 The rock mole bites!
 The rock mole bites!
 The rock mole just misses!
 The rock mole bites!
 The rock mole bites!
 The rock mole bites!
 You die...
 Do you want your possessions identified? [ynq] (y) y
 Do you want to see your attributes? [ynq] (y) y
 Do you want an account of creatures vanquished? [ynaq] (y) y
 Do you want to see your conduct and achievements? [ynq] (y) y
 Do you want to see the dungeon overview? [ynq] (y) y

Inventory:
 Weapons  (')')
  b - 11 +0 daggers (at the ready)
  h - a +0 dagger named Stabby (wielded in left hand)
  s - a +0 elven dagger (wielded in right hand)
 Armor    ('[')
  C - an uncursed +0 orcish helm (being worn)
  g - an uncursed +0 pair of gauntlets of power (being worn)
  l - an uncursed +0 shield of drain resistance
  t - an uncursed +0 splint mail (being worn)
 Comestibles  ('%')
  i - an uncursed food ration
  Q - a cursed food ration
 Rings    ('=')
  A - an uncursed ring of see invisible (on left hand)
  B - an uncursed ring of warning (on right hand)
 Tools    ('(')
  v - an empty uncursed sack
  d - an uncursed lock pick

DrabEmordnilap the Rogue's attributes:

Background:
 You were a Rogue, level 6 female human.
 You were chaotic, on a mission for Kos
 who was opposed by Issek (lawful) and Mog (neutral).
 You were right-handed.
 You were in the Dungeons of Doom, on level 6.
 You entered the dungeon 3346 turns ago.
 There was a full moon in effect when your adventure ended.
 You had 324 experience points, 316 more were needed to attain level 7.

Basics:
 You had 0 out of 45 hit points.
 You had all 25 energy points (spell power).
 Your armor class was 2.
 Your wallet was empty.
 Autopickup was off.

Final Characteristics:
 Your strength was 25 (base:15, innate limit:18/100).
 Your dexterity was 18 (limit:18).
 Your constitution was 16 (limit:18).
 Your intelligence was 10 (limit:18).
 Your wisdom was 8 (limit:18).
 Your charisma was 9 (limit:18).

Final Status:
 You weren't hungry.
 You were unencumbered.
 You were wielding two weapons at once.
 Your skill in dagger was limited by being unskilled with two weapons.

Final Attributes:
 You were piously aligned.
 You saw invisible.
 You were telepathic.
 You were warned.
 You were stealthy.
 You were warded.
 You were lucky.
 You are dead.

Miscellaneous:
 You encountered 1 bones level.
 Total elapsed playing time was 37 minutes and 28 seconds.

Major events:
 Turn
    1: DrabEmordnilap the chaotic female human Rogue entered the dungeon
  769: entered the Gnomish Mines
 1002: attained the rank of Cutpurse (level 3)
 3194: attained the rank of Rogue (level 6)
 3346: killed by a rock mole, while frozen by a floating eye's gaze

You didn't know any spells.

Skills:
 Fighting Skills
   bare handed combat [Unskilled]
   two weapon combat  [Unskilled]
   riding             [Unskilled]
 Weapon Skills
   dagger             [Skilled]
   knife              [Unskilled]
   short sword        [Basic]
   broadsword         [Unskilled]
   long sword         [Unskilled]
   two-handed sword   [Unskilled]
   saber              [Unskilled]
   club               [Unskilled]
   mace               [Unskilled]
   morning star       [Unskilled]
   flail              [Unskilled]
   hammer             [Unskilled]
   polearms           [Unskilled]
   spear              [Unskilled]
   crossbow           [Unskilled]
   dart               [Unskilled]
   shuriken           [Unskilled]
 Spellcasting Skills
   divination spells  [Unskilled]
   escape spells      [Unskilled]
   matter spells      [Unskilled]

Voluntary challenges:
 Character rerolling was not enabled.
 You never genocided any monsters.
 You never polymorphed an object.
 You never changed form.
 You used no wishes.
Achievements:
 You entered a shop.
 You entered the Gnomish Mines.
 You attained the rank of Cutpurse.
 You attained the rank of Rogue.

 The Dungeons of Doom: levels 1 to 6
    Level 1:
       A grave.
    Level 2:
       A fountain.
    Level 3:
       A ring shop, some fountains.
       Stairs down to The Gnomish Mines.
    Level 4: "stash"
       Some altars.
       Final resting place for
          magnolian-Val-Hum-Fem-Law, killed by a pony.
    Level 5:
       An armor shop, a fountain.
    Level 6: <- You were here.
       Many fountains.
       Oracle of Delphi.
       Final resting place for
          you, killed by a rock mole, while frozen by a floating eye's gaze.
 The Gnomish Mines:
    Level 4:


Vanquished creatures:
  a ghost
  a leprechaun
  2 human zombies
 an orc shaman
  a rock piercer
  a fog cloud
  a yellow light
  a ghoul
  a straw golem
  2 giant ants
  a floating eye
  a kitten
  3 rothes
  a giant bat
 an orc zombie
  2 iguanas
 an acid blob
  a coyote
  a gas spore
  5 manes
  a large kobold
  2 hobgoblins
  5 giant rats
  3 cave spiders
  2 red molds
  a gnome zombie
  3 geckos
  3 jackals
  a kobold
  5 goblins
  a sewer rat
  4 grid bugs
  2 lichens
  6 newts
68 creatures vanquished.

No species were genocided or became extinct.

Game over:
                       ----------
                      /          \
                     /    REST    \
                    /      IN      \
                   /     PEACE      \
                  /                  \
                  |  DrabEmordnilap  |
                  |       0 Au       |
                  | killed by a rock |
                  |       mole       |
                  |                  |
                  |                  |
                  |       2026       |
                 *|     *  *  *      | *
        _________)/\\_//(\/(/\)/\//\/|_)_______

Goodbye DrabEmordnilap the Rogue...

You died in The Dungeons of Doom on dungeon level 6 with 1546 points,
and 0 pieces of gold, after 3346 moves.
You were level 6 with a maximum of 45 hit points when you died.

